 Dungeon Crawl Stone Soup version 0.17-a0-1421-g95311d7 (webtiles) character file.

1350 Fluffy the Distorting Demonspawn (level 8, -1/59 HPs)
             Began as a Demonspawn Abyssal Knight on June 24, 2015.
             Was a Believer of Lugonu.
             Shot with an arrow by a centaur (2 damage)
             ... on level 5 of the Dungeon.
             The game lasted 00:20:02 (5910 turns).

Fluffy the Distorting Demonspawn (DsAK)             Turns: 5910, Time: 00:20:02

Health: -1/59      AC: 16    Str: 16    XL:     8   Next: 36%
Magic:  13/14      EV: 10    Int: 13    God:    Lugonu [**....]
Gold:   230        SH:  3    Dex: 15    Spells: 0 memorised, 7 levels left

rFire  . . .     SeeInvis +     a - +1 falchion
rCold  + . .     Clarity  .     r - +3 ring mail {rPois}
rNeg   + . .     SustAt   .     p - +0 buckler
rPois  +         Gourm    .     h - +2 helmet
rElec  .         Spirit   .     d - +0 cloak
rCorr  .         Warding  .     u - +2 pair of gloves of Cary {rC+ Str+3 SInv}
rMut   .         Stasis   .     (no boots)
MR     .....                    (no amulet)
Stlth  +.........               (no ring)
                                l - ring of positive energy

@: not resistant to hostile enchantments, very unstealthy
A: hooves 1, molten scales 1, powered by pain 2
a: Depart the Abyss, Bend Space, Renounce Religion


You were on level 5 of the Dungeon.
You worshipped Lugonu.
Lugonu was pleased with you.
You were hungry.

You visited 1 branch of the dungeon, and saw 5 of its levels.
You visited the Abyss 1 time.

You collected 230 gold pieces.

Inventory:

Hand weapons
 a - a +1 falchion (weapon)
Armour
 d - a +0 cloak (worn)
 h - a +2 helmet (worn)
 p - a +0 buckler (worn)
 r - a +3 ring mail of poison resistance (worn)
 u - the +2 pair of gloves of Cary (worn) {rC+ Str+3 SInv}
   (You found it on level 4 of the Dungeon)

   It affects your strength (+3).
   It protects you from cold.
   It lets you see invisible.
Jewellery
 l - a ring of positive energy (left hand)
Magical devices
 q - a wand of digging (10)
Scrolls
 f - 4 scrolls of remove curse
 g - a scroll of amnesia
 v - a scroll of enchant armour
Potions
 b - a potion of might
 e - a potion of heal wounds
 i - a potion of curing
 j - 2 potions of cure mutation
 m - 2 potions of flight
 s - a potion of brilliance {unknown}
 z - a potion of beneficial mutation {unknown}
Books
 n - a book of Burglary

   Spells                             Type                      Level
   a - Swiftness                      Charms/Air                   2
   b - Passwall                       Transmutation/Earth          3
   c - Passage of Golubria            Translocation                4
   d - Lee's Rapid Deconstruction     Earth                        5
   e - Invisibility                   Hexes                        6
   f - Darkness                       Hexes                        7
Comestibles
 c - 5 bread rations
 k - 2 slices of pizza
 o - 3 meat rations
 t - a beef jerky


   Skills:
 + Level 3.6 Fighting
 + Level 6.4 Long Blades
 + Level 2.3 Armour
 + Level 1.6 Dodging
 + Level 9.3 Invocations


You had 7 spell levels left.
You didn't know any spells.

Dungeon Overview and Level Annotations

Branches:
Dungeon (5/15)             Temple (0/1) D:4

Altars:
Cheibriados
Kikubaaqudgha
Vehumet
The Shining One

Shops:
D:5 !

Annotations:
D:5 Menkaure


Innate Abilities, Weirdness & Mutations

You have large cloven feet.
You are partially covered in molten scales (AC +1).
You sometimes gain power by taking damage.


Message History

The jackal skeleton bites you but does no damage.
Menkaure misses you.
The jackal skeleton bites you but does no damage.
You hit Menkaure.
Menkaure is severely damaged.
Menkaure hits you!
* * * LOW HITPOINT WARNING * * *
The jackal skeleton bites you but does no damage.
Menkaure hits you!
* * * LOW HITPOINT WARNING * * *
Use which ability? (? or * to list)
Okay, then.
Use which ability? (? or * to list) Space bends sharply around you!
Menkaure blinks!
The jackal skeleton blinks!
You blink.
* * * LOW HITPOINT WARNING * * *
You feel slightly more hungry.
The centaur wields a shortbow.
The centaur shoots an arrow.
The arrow barely misses you.
The centaur shoots an arrow.
The arrow hits you.
You die...

#####....#.#..##### #.##.#
#........#........###)##.#
###.##...####.###"##.....#
#...........###)##..####
###########..##.##..#
#..#......# #..#......#
#..#......# #.@....M..#
#...Z.....# ##(..###..#
#.##.c..ยง# ##.#####.# #
##.## # ##...# #..###....#
#.....?...#


You could see Menkaure, a centaur and a jackal skeleton.

Vanquished Creatures
  Eustachio (D:5)
  An ice beast (D:5)
  2 phantoms (D:4)
  3 ogres
  A centaur (D:5)
  2 scorpions
  A water moccasin skeleton (D:5)
  A giant frog zombie (D:5)
  A hound (D:4)
  3 crimson imps (D:5)
  Ijyb (D:2)
  An orc priest (D:3)
  2 worker ants
  7 adders
  3 gnolls (D:3)
  2 oozes (D:5)
  3 worms
  7 orcs
  3 ball pythons
  9 bats
  A bat skeleton (D:4)
  A bat zombie (D:5)
  6 giant cockroaches
  10 hobgoblins
  6 jackals
  3 giant geckos
  5 giant newts
  8 goblins
  8 kobolds
  4 quokkas
  A quokka zombie (D:5)
  14 rats
121 creatures vanquished.

Notes
Turn   | Place    | Note
--------------------------------------------------------------
     0 | Abyss:1  | Fluffy the Demonspawn Abyssal Knight began the quest for the Orb.
     0 | Abyss:1  | Reached XP level 1. HP: 18/18 MP: 2/2
    57 | Abyss:1  | Noticed a small abomination
    72 | D:1      | Escaped the Abyss
   371 | D:1      | Gained mutation: You sometimes gain a little power by taking damage. [demonic ancestry]
   371 | D:1      | Reached XP level 2. HP: 18/24 MP: 4/4
   469 | D:1      | Acquired Lugonu's first power
   846 | D:2      | Found a snail-covered altar of Cheibriados.
  1000 | D:2      | Reached XP level 3. HP: 26/29 MP: 5/5
  1032 | D:2      | Noticed Ijyb
  1065 | D:2      | Killed Ijyb
  1065 | D:2      | Reached skill level 4 in Invocations
  1423 | D:2      | Reached XP level 4. HP: 10/35 MP: 7/7
  1458 | D:2      | Acquired Lugonu's second power
  1899 | D:3      | Found a radiant altar of Vehumet.
  1958 | D:3      | Reached skill level 5 in Invocations
  2131 | D:3      | Noticed an ogre
  2195 | D:3      | Gained mutation: You are partially covered in molten scales (AC +1). [demonic ancestry]
  2195 | D:3      | Reached XP level 5. HP: 31/41 MP: 8/8
  2803 | D:3      | Acquired Lugonu's third power
  2888 | D:3      | HP: 1/41 [spatial distortion (3)]
  2903 | D:3      | Killed an ogre
  2903 | D:3      | Reached skill level 6 in Invocations
  2903 | D:3      | Reached XP level 6. HP: 3/47 MP: 10/10
  3728 | D:4      | Reached skill level 7 in Invocations
  3787 | D:4      | Reached skill level 5 in Long Blades
  3787 | D:4      | Gained mutation: You have large cloven feet. [demonic ancestry]
  3787 | D:4      | Reached XP level 7. HP: 9/52 MP: 12/12
  4073 | D:4      | Found a staircase to the Ecumenical Temple.
  4262 | D:4      | Got a pair of spiked gloves
  4268 | D:4      | Identified the +2 pair of gloves of Cary {rC+ Str+3 SInv} (You found it on level 4 of the Dungeon)
  4450 | D:4      | Found an ancient bone altar of Kikubaaqudgha.
  5020 | D:5      | Entered Level 5 of the Dungeon
  5096 | D:5      | Reached skill level 8 in Invocations
  5198 | D:5      | Found a glowing golden altar of the Shining One.
  5212 | D:5      | Noticed Eustachio
  5213 | D:5      | Found Deuczicw's Distillery.
  5551 | D:5      | Reached skill level 9 in Invocations
  5551 | D:5      | Gained mutation: You sometimes gain power by taking damage. [demonic ancestry]
  5551 | D:5      | Reached XP level 8. HP: 55/58 MP: 14/14
  5566 | D:5      | Killed Eustachio
  5566 | D:5      | Reached skill level 1 in Dodging
  5892 | D:5      | Noticed Menkaure
  5907 | D:5      | HP: 1/59 [spatial distortion (2)]
  5910 | D:5      | Shot with an arrow by a centaur

Vault maps used:
D:1:      lemuel_arrival_rhombus
D:2:      minmay_door_path, cheibriados_altar_1, first_bread, uniq_iyjb
D:3:      columned_hall_lemuel, vehumet_altar_wand_db
D:4:      overflow_temple_1_default, minmay_temple_entry_crystal_x,
          minmay_bisected
D:5:      serial_shops, nicolae_shop_trees, basic_altar, amethyst_killhole,
          kennysheep_generic_room_13, uniq_eustachio, uniq_menkaure
Abyss:1:  evilmike_abyss_exit_vortex

Action                   |  1- 3 |  4- 6 |  7- 9 || total
-------------------------+-------+-------+-------++-------
Melee: Falchion          |   123 |   247 |   256 ||   626
Invok: Depart the Abyss  |     1 |       |       ||     1
       Bend Space        |       |     6 |     1 ||     7
Evoke: Wand              |       |     4 |     2 ||     6
  Use: Scroll            |       |    10 |     3 ||    13
  Eat: Chunk             |     2 |     8 |     7 ||    17
